 Dungeon Crawl Stone Soup version 0.19-a0-944-gb338e1e (webtiles) character file.

2102 Charly the Cleaver (level 9, 2/78 HPs)
             Began as a Minotaur Monk on July 9, 2016.
             Was a Believer of Makhleb.
             Quit the game on level 9 of the Dungeon.
             The game lasted 00:43:11 (2289 turns).

Charly the Cleaver (Minotaur Monk)                  Turns: 2289, Time: 00:43:12

Health: 2/78       AC:  6    Str: 15    XL:     9   Next: 7%
Magic:  10/10      EV: 13    Int:  7    God:    Makhleb [**....]
Gold:   230        SH:  6    Dex: 17    Spells: 0 memorised, 8 levels left

rFire  . . .     SeeInvis .     k - +2 rapier "Liukenur" {freeze, rPois rC+ MR+ Stlth+}
rCold  + . .     Gourm    .     j - +1 ring mail
rNeg   . . .     Faith    .     q - +2 buckler
rPois  +         Spirit   .     (helmet restricted)
rElec  .         Dismiss  .     (no cloak)
rCorr  .         Reflect  .     (no gloves)
SustAt .         Harm     .     (no boots)
MR     +....                    (no amulet)
Stlth  ++........               (no ring)
                                (no ring)

@: flying, somewhat resistant to hostile enchantments, unstealthy
A: retaliatory headbutt, horns 2
a: Minor Destruction, Renounce Religion


You were on level 9 of the Dungeon.
You worshipped Makhleb.
Makhleb was pleased with you.
You were not hungry.

You visited 2 branches of the dungeon, and saw 10 of its levels.
You also visited: Sewer.

You collected 230 gold pieces.

Inventory:

Hand Weapons
 a - a +0 hand axe
 k - the +2 rapier "Liukenur" (weapon) {freeze, rPois rC+ MR+ Stlth+}
   (You found it on level 9 of the Dungeon)

   It has been specially enchanted to freeze those struck by it, causing extra
   injury to most foes and up to half again as much damage against particularly
   susceptible opponents.
   It can also slow down cold-blooded creatures.
   It protects you from cold.
   It protects you from poison.
   It affects your resistance to hostile enchantments.
   It makes you more stealthy.
Missiles
 b - a throwing net (quivered)
 o - 18 poisoned needles
Armour
 j - a +1 ring mail (worn)
 q - a +2 buckler (worn)
Wands
 m - a wand of acid (0/15)
 n - a wand of disintegration (13/24)
 p - a wand of polymorph (0/24)
Scrolls
 h - 2 scrolls of enchant armour
 i - 3 scrolls of remove curse
Potions
 e - a potion of flight
 f - a potion of brilliance
 g - a potion of cancellation
 l - a potion of curing
Comestibles
 c - 2 bread rations


   Skills:
 - Level 6.5 Fighting
 + Level 11.3 Axes
 - Level 4.2 Armour
 - Level 5.1 Dodging
 - Level 1.5 Stealth
 + Level 3.0 Invocations


You had 8 spell levels left.
You didn't know any spells.

Dungeon Overview and Level Annotations

Branches:
Dungeon (9/15)             Temple (1/1) D:6
   Lair: D:8-11         Orc: D:9-12

Altars:
Fedhas
Gozag
Hepliaklqana
Makhleb
Okawaru
Qazlal
Ru
Sif Muna
Trog
Yredelemnul
Zin

Shops:
D:6 %

Annotations:
D:4 exclusion: downstairs
D:5 Shenda's ghost, novice HESk
D:6 2 exclusions, Grinder


Innate Abilities, Weirdness & Mutations

You reflexively headbutt those who attack you in melee.
You have a pair of horns on your head.


Message History

Evoke which item? (* to show all) (? for menu, Esc to quit)
Zapping:
p - a wand of polymorph {zapped: 10} (will waste charges)
Press: ? - help, Shift-Dir - straight line, f - centaur, p - orc warrior
Aim: a centaur, wielding a shortbow (chance to defeat MR: 46%)
The hound resists with significant effort.
Evoking this partially-identified wand wasted a few charges.
The centaur shoots an arrow.
You block the arrow.
Evoke which item? (* to show all) (? for menu, Esc to quit)
Zapping:
n - a wand of disintegration (will waste charges)
Press: ? - help, Shift-Dir - straight line, f/p - centaur
Aim: a centaur, wielding a shortbow (chance to defeat MR: 65%)
Okay, then.
The giant frog hits you.
* * * LOW HITPOINT WARNING * * *
The orc warrior hits you with a dire flail.
* * * LOW HITPOINT WARNING * * *
The giant frog hits you.
* * * LOW HITPOINT WARNING * * *
Unknown command.
Are you sure you want to abandon this character and quit the game? (Confirm with "yes".)

########### #####
#.......... ###⌠#⌠###
#...[...... ##≈§≈≈≈≈≈##
#..........
#⌠≈.....≈⌠#####..........
##≈.h_oo@##....oo...o....
#⌠≈...cF≈(#.#'######o....
#≈≈≈o≈≈≈##.#......#.....
#§####o####§.#......#.....
#≈≈≈≈≈(§§≈≈≈.#......#.5...
#####o.###...#'######.....
........o...............###
........o...o...........#
................)########


You could see an orc warrior, a giant frog, a centaur, a hound, an orc priest
and 3 orcs.

Vanquished Creatures
  Pikel (D:7)
  A hippogriff (D:7)
  4 ice beasts
  An ogre (D:7)
  2 centaurs
  3 giant frogs
  2 big kobolds
  2 scorpions
  2 crimson imps (D:6)
  A centaur skeleton (D:7)
  3 hounds
  An orc priest (D:4)
  2 orc wizards
  An iguana (D:8)
  A worker ant (D:4)
  Robin (D:4)
  3 river rats
  5 adders
  A dart slug (D:1)
  4 giant geckos
  5 orcs
  4 ball pythons
  4 giant cockroaches
  10 goblins
  6 hobgoblins
  10 jackals
  8 kobolds
  3 quokkas
  3 bats
  A giant newt (D:2)
  10 rats
105 creatures vanquished.

Vanquished Creatures (others)
  A slave (D:7)
  A crimson imp (D:7)
  An orc priest (D:7)
  A giant frog skeleton (D:7)
  A worker ant (D:7)
  An orc (D:7)
6 creatures vanquished.

Grand Total: 111 creatures vanquished

Notes
Turn   | Place    | Note
-------+----------+-------------------------------------------
     0 | D:1      | Charly the Minotaur Monk began the quest for the Orb.
     0 | D:1      | Reached XP level 1. HP: 19/19 MP: 0/0
    64 | D:1      | Reached skill level 4 in Axes
   111 | D:1      | Reached XP level 2. HP: 21/26 MP: 1/1
   204 | D:2      | Found a sacrificial altar of Ru.
   262 | D:2      | Reached skill level 5 in Axes
   288 | D:2      | Found a blossoming altar of Fedhas.
   299 | D:2      | Reached XP level 3. HP: 22/31 MP: 2/2
   419 | D:4      | Noticed Robin
   441 | D:4      | Killed Robin
   474 | D:4      | Reached XP level 4. HP: 20/39 MP: 3/3
   475 | D:4      | Reached skill level 6 in Axes
   512 | D:5      | Entered Level 5 of the Dungeon
   512 | D:5      | Noticed Shenda's ghost (novice HESk)
   603 | D:4      | Found a basalt altar of Yredelemnul.
   610 | D:4      | Reached skill level 7 in Axes
   610 | D:4      | Reached XP level 5. HP: 25/45 MP: 4/4
   623 | D:4      | Found a deep blue altar of Sif Muna.
   685 | D:4      | Found a glowing silver altar of Zin.
   786 | D:6      | Found Fejevir's Food Shoppe.
   786 | D:6      | Noticed an ice beast
   796 | D:6      | Killed an ice beast
   796 | D:6      | Reached skill level 8 in Axes
   796 | D:6      | Reached XP level 6. HP: 13/53 MP: 5/5
   811 | D:7      | Noticed Pikel
   811 | D:7      | Noticed a slave
   811 | D:7      | Noticed a slave
   927 | D:6      | Noticed Grinder
   990 | D:6      | Found a glowing drain.
  1003 | Sewer    | Entered a sewer
  1101 | Sewer    | Found a white marble altar of Elyvilon.
  1155 | D:6      | Found an opulent altar of Gozag.
  1200 | D:7      | Reached skill level 5 in Fighting
  1244 | D:7      | Noticed a slave
  1247 | D:7      | Noticed a slave
  1249 | D:7      | Killed Pikel
  1249 | D:7      | Reached skill level 9 in Axes
  1249 | D:7      | Reached XP level 7. HP: 48/62 MP: 6/6
  1311 | D:7      | Reached XP level 8. HP: 36/70 MP: 7/7
  1396 | D:7      | Reached skill level 10 in Axes
  1415 | D:7      | Found an iron altar of Okawaru.
  1519 | D:7      | Found a hazy altar of Hepliaklqana.
  1699 | D:6      | Found a stormy altar of Qazlal.
  1722 | D:6      | Reached skill level 5 in Dodging
  1761 | D:6      | Found a staircase to the Ecumenical Temple.
  1770 | Temple   | Entered the Ecumenical Temple
  1781 | Temple   | Became a worshipper of Makhleb the Destroyer
  1781 | Temple   | Reached * piety under Makhleb
  1781 | Temple   | Reached ** piety under Makhleb
  1892 | D:9      | Noticed an octopode
  1892 | D:9      | an orc warrior changed into an octopode
  1944 | D:7      | Reached skill level 1 in Invocations
  2032 | D:8      | Reached skill level 11 in Axes
  2097 | D:9      | Reached XP level 9. HP: 18/78 MP: 8/10
  2232 | D:9      | Got a polished rapier
  2278 | D:9      | Found a bloodstained altar of Trog.
  2286 | D:9      | Identified the +2 rapier "Liukenur" {freeze, rPois rC+ MR+ Stlth+} (You found it on level 9 of the Dungeon)
  2288 | D:9      | HP: 2/78 [giant frog (3)]
  2289 | D:9      | Quit the game

Vault maps used:
D:1:      elethiomel_arrival_quiet, serial_forest,
          infiniplex_forest_lined_corner, infiniplex_forest_straight_2,
          infiniplex_forest_join, infiniplex_forest_straight_1,
          infiniplex_forest_straight_5, infiniplex_forest_clump_curved,
          infiniplex_forest_lined_room_2, minmay_misc_feat_roman
D:2:      fedhas_altar_2, old_standard_altar
D:3:      kennysheep_the_goblin_king
D:4:      led_sif_pool, overflow_temple_1_default, first_bread,
          yredelemnul_altar_generic, uniq_robin, uniq_edmund
D:5:      serial_shops, nicolae_shop_crystal, st_stairs_14
D:6:      lemuel_round_altar, grunt_gozag_statues, marbit_many_paths,
          serial_shops, nicolae_shop_trees, portal_sewer_entry_b, uniq_grinder
D:7:      kennysheep_mini_moat, lemuel_tele_altar, uniq_pikel
D:8:      old_standard_altar, grunt_pakellas_basics, minmay_evil_grid
D:9:      nicolae_overflow_hidden_temple, nicolae_overflow_crystal_walls,
          lightli_temple_of_fire, uniq_maurice
Temple:   nicolae_temple_figure_zero
Sewer:    sewer_kobolds

Skill      XL: |  1  2  3  4  5  6  7  8  9 |
---------------+----------------------------+-----
Axes           | 4 5 7 8 9 11 | 11.3
Fighting       | 4 5 6 |  6.5
Armour         | 2 3 4 |  4.2
Dodging        | 4 5 |  5.1
Invocations    | 2 3 |  3.0
Stealth        | |  1.5

Action                   |  1- 3 |  4- 6 |  7- 9 || total
-------------------------+-------+-------+-------++-------
Melee: Hand axe          |    79 |   110 |   165 ||   354
       Headbutt          |     9 |    13 |    25 ||    47
Evoke: Wand              |       |     7 |     6 ||    13
  Use: Potion            |       |     3 |     6 ||     9
       Scroll            |       |     6 |     3 ||     9
 Stab: Sleeping          |     1 |       |     1 ||     2
  Eat: Chunk             |       |     1 |       ||     1
       Meat ration       |       |       |     1 ||     1
Armor: Robe              |     7 |       |       ||     7
       Ring mail         |     8 |    18 |    46 ||    72
Dodge: Dodged            |    46 |    56 |   106 ||   208
Block: Buckler           |       |       |    43 ||    43
